Map: [ESL] Dragon Scales

Players

Cyan

  • Race: Protoss Protoss
  • Spawn Location: 5:00

Oliveira - Winner!

  • Race: Terran Terran
  • Spawn Location: 11:00

Event: ESL SC2 Masters 2023 Summer (Regionals)

VOD

Have the link to the VOD?

Description

Time

  • Played on: May 21, 2023, 8:31 a.m.
  • Length: 10:28

All games in this series

Show
View Real Time Build Order
Export as new Build Order

Cyan Protoss 

Build Orders: 1 Gate Expand, Oracle Opening, Phoenix Opening 

Get SALT Encoding   

  12  0:00  Probe  
  13  0:12  Probe  
  14  0:17  Pylon  
  14  0:24  Probe (Chrono Boost)  
  15  0:36  Probe (Chrono Boost)  
  15  0:38  Gateway  
  16  0:44  Probe (Chrono Boost)  
  16  0:46  Assimilator  
  17  0:51  Probe  
  18  1:03  Probe  
  19  1:15  Probe  
  20  1:23  Nexus  
  20  1:33  Cybernetics Core  
  20  1:37  Probe  
  21  1:49  Probe  
  21  1:51  Assimilator  
  22  1:54  Pylon  
  22  2:01  Probe  
  23  2:10  Adept (Chrono Boost)  
  23  2:13  Probe  
  26  2:20  Stargate  
  26  2:25  Probe  
  26  2:29  Warp Gate  
  27  2:36  Probe (Chrono Boost)  
  28  2:37  Adept  
  28  2:42  Probe (Chrono Boost)  
  31  2:47  Probe (Chrono Boost)  
  33  2:51  Probe (Chrono Boost)  
  33  2:52  Probe (Chrono Boost)  
  34  3:01  Probe (Chrono Boost)  
  34  3:04  Phoenix  
  38  3:07  Probe (Chrono Boost)  
  38  3:08  Probe (Chrono Boost)  
  39  3:14  Pylon  
  39  3:15  Probe (Chrono Boost)  
  41  3:22  Probe (Chrono Boost)  
  41  3:25  Probe (Chrono Boost), Gateway  
  42  3:29  Probe (Chrono Boost), Oracle (Chrono Boost)  
  42  3:32  Probe, Shield Battery  
  47  3:40  Adept  
  49  3:41  Probe  
  49  3:47  Probe, Pylon  
  51  3:54  Probe  
  52  3:59  Gateway  
  52  4:02  Phoenix (Chrono Boost)  
  54  4:07  Probe x2, Twilight Council  
  56  4:18  Pylon  
  56  4:19  Probe  
  56  4:21  Adept x2  
  61  4:25  Probe  
  62  4:31  Pylon  
  62  4:36  Phoenix  
  64  4:43  Adept x2  
  66  4:49  Probe  
  66  4:51  Assimilator  
  67  5:01  Phoenix, Adept, Pylon  
  67  5:02  Probe  
  72  5:14  Adept x2  
  72  5:19  Gateway x2  
  76  5:22  Gateway  
  76  5:24  Gateway  
  74  5:38  Adept  
  74  5:40  Probe x2  
  74  5:41  Nexus  
  78  5:44  Pylon  
  61  5:50  Charge (Chrono Boost)  
  61  5:51  Phoenix (Chrono Boost)  
  57  5:57  Probe  
  57  6:01  Adept  
  60  6:07  Probe  
  59  6:13  Zealot  
  59  6:15  Pylon  
  63  6:18  Zealot x3  
  63  6:19  Phoenix (Chrono Boost)  
  69  6:27  Nexus  
  67  6:35  Phoenix  
  65  6:40  Probe  
  65  6:43  Zealot x2  
  65  6:44  Zealot x2  
  68  6:53  Gateway  
  68  6:55  Probe  
  68  6:58  Probe  
  70  7:07  Probe  
  71  7:08  Phoenix  
  71  7:11  Probe  
  74  7:17  Gateway  
  74  7:20  Gateway  
  74  7:24  Zealot x2, Sentry  
  80  7:31  Probe  
  80  7:34  Pylon  
  81  7:37  Zealot  
  81  7:38  Zealot  
  81  7:41  Pylon  
  81  7:43  Phoenix (Chrono Boost)  
  85  7:50  Zealot x2  
  91  7:59  Zealot  
  91  8:00  Phoenix (Chrono Boost), Zealot  
  91  8:02  Robotics Facility  
  91  8:03  Probe  
  98  8:09  Zealot x2  
  102  8:16  Pylon, Forge  
  102  8:21  Zealot  
  102  8:22  Phoenix (Chrono Boost)  
  102  8:23  Zealot  
  102  8:25  Probe x2, Pylon  
  110  8:32  Probe  
  111  8:37  Zealot x2  
  111  8:40  Zealot x4  
  121  8:44  Zealot x2  
  107  8:58  Observer (Chrono Boost)  
  107  8:59  Zealot x2  
  107  9:00  Phoenix (Chrono Boost)  
  112  9:05  Shield Battery  
  112  9:06  Pylon, Zealot  
  112  9:07  Zealot  
  112  9:11  Observer (Chrono Boost)  
  112  9:14  Nexus  
  111  9:27  Zealot x5  
  111  9:30  Robotics Bay  
  119  9:33  Observer  
  119  9:34  Probe  
  119  9:41  Probe x2  
  119  9:42  Pylon  
  119  9:44  Pylon  
  119  9:45  Zealot x2  
  125  9:46  Probe, Zealot  
  128  9:54  Zealot x2  
  128  9:58  Pylon  
  128  9:59  Pylon  
  130  10:01  Zealot x2  
  128  10:07  Zealot x2  
  122  10:18  Zealot x4  
  96  10:23  Zealot x2  
Show
View Real Time Build Order
Export as new Build Order

Oliveira Terran - Winner!

Build Orders: 1/1/1, Liberator Opening 

Get SALT Encoding   

  12  0:00  SCV  
  13  0:12  SCV  
  14  0:17  Supply Depot  
  14  0:24  SCV  
  15  0:39  SCV  
  15  0:40  Barracks  
  16  0:44  Refinery  
  16  0:51  SCV  
  16  0:52  Refinery  
  17  1:03  SCV  
  18  1:15  SCV  
  19  1:27  Orbital Command, Reaper  
  19  1:28  Supply Depot  
  20  1:41  Factory  
  20  1:53  SCV  
  21  1:59  Barracks Reactor  
  21  2:05  SCV  
  22  2:15  Command Center  
  22  2:18  SCV  
  23  2:28  Starport  
  23  2:30  SCV  
  23  2:35  Supply Depot  
  24  2:38  Widow Mine  
  24  2:42  SCV  
  24  2:43  Marine  
  28  2:46  Marine  
  29  2:54  SCV  
  30  3:00  Widow Mine  
  30  3:01  Marine  
  30  3:04  Marine  
  34  3:07  Medivac  
  34  3:08  SCV  
  37  3:19  Marine  
  38  3:21  SCV  
  38  3:22  Factory Tech Lab  
  38  3:27  Orbital Command, Marine  
  39  3:34  SCV  
  41  3:37  Marine  
  42  3:41  Starport Tech Lab  
  42  3:44  Marine, Siege Tank  
  42  3:47  Orbital Command  
  46  3:56  SCV, Supply Depot  
  46  3:59  Liberator  
  46  4:02  Marine x2  
  51  4:09  SCV  
  53  4:12  SCV  
  54  4:18  Cyclone, Supply Depot  
  54  4:21  Marine  
  54  4:23  Marine  
  59  4:25  SCV x2  
  61  4:36  Barracks  
  60  4:44  Marine  
  61  4:48  Liberator  
  61  4:49  SCV  
  61  4:50  Marine  
  66  4:53  SCV  
  66  4:56  Cyclone  
  66  4:58  Engineering Bay  
  66  4:59  Barracks  
  70  5:02  Supply Depot  
  70  5:04  Marine  
  70  5:06  SCV  
  72  5:07  SCV  
  73  5:21  Marine  
  73  5:23  SCV  
  75  5:29  Marine  
  75  5:32  SCV  
  75  5:35  SCV  
  76  5:38  Terran Infantry Weapons Level 1, Factory Reactor  
  76  5:39  Starport Reactor, Refinery, Supply Depot  
  76  5:49  Marine  
  66  5:53  SCV  
  66  5:55  SCV  
  65  5:57  Stimpack, Marine  
  65  5:58  Supply Depot  
  65  6:01  Marine  
  67  6:05  SCV, Command Center  
  67  6:08  SCV  
  67  6:10  Marine x2  
  67  6:11  Combat Shield  
  69  6:15  Marine, Refinery  
  69  6:18  Marine  
  69  6:19  SCV  
  69  6:20  SCV  
  72  6:28  Marine x2  
  66  6:33  Marine  
  66  6:35  SCV  
  66  6:36  Marine  
  62  6:41  Widow Mine x2, SCV, Medivac x2  
  62  6:46  Marine x2  
  71  6:49  Barracks  
  71  6:50  Barracks, SCV  
  71  6:53  SCV  
  73  6:56  Marine, Marauder  
  76  7:03  SCV  
  76  7:04  Widow Mine, Marauder  
  76  7:05  Widow Mine, SCV  
  83  7:11  Marine  
  83  7:14  Marine, Medivac  
  83  7:15  Medivac  
  89  7:17  Orbital Command  
  89  7:20  SCV  
  90  7:25  Marauder  
  90  7:29  Widow Mine  
  92  7:31  Marine x2  
  92  7:32  Marauder  
  92  7:34  Widow Mine, SCV  
  92  7:36  Concussive Shells  
  97  7:37  Orbital Command, Barracks Reactor  
  97  7:40  Barracks Tech Lab  
  97  7:47  Supply Depot  
  97  7:50  Marauder, SCV x2  
  101  7:53  Marine, Missile Turret  
  101  7:54  Marine  
  101  7:56  Marauder  
  103  8:00  Terran Infantry Armor Level 1  
  103  8:04  SCV x2  
  105  8:07  Widow Mine x2  
  105  8:10  Marauder  
  110  8:13  SCV  
  110  8:14  Marauder, Marine  
  110  8:16  Marine x2, Supply Depot  
  110  8:17  Marine  
  117  8:21  SCV  
  117  8:25  Marauder  
  117  8:26  SCV x2  
  122  8:28  Supply Depot  
  122  8:29  Supply Depot  
  122  8:31  Supply Depot  
  122  8:32  Marauder  
  121  8:42  Marine  
  122  8:48  Marine  
  122  8:49  Marine, Marauder  
  122  8:53  Widow Mine  
  122  8:55  SCV  
  115  8:56  Marine x2, Marauder  
  115  8:57  Widow Mine  
  115  8:58  Medivac x2  
  115  9:01  Marine  
  124  9:03  SCV  
  124  9:05  Engineering Bay  
  124  9:06  Armory, Marine  
  124  9:08  Marine  
  124  9:09  SCV  
  127  9:10  Marauder  
  127  9:14  Marine, Marauder  
  127  9:15  SCV  
  133  9:17  SCV, Supply Depot  
  133  9:18  Marauder  
  133  9:19  Marine  
  136  9:24  Marine  
  136  9:26  Widow Mine x2, Marine  
  136  9:30  Medivac  
  143  9:31  Marine  
  143  9:32  Marauder  
  143  9:36  Marauder  
  143  9:37  Marine, Medivac  
  151  9:39  Marauder  
  151  9:41  Supply Depot  
  151  9:42  Marine  
  151  9:43  Supply Depot  
  151  9:44  Marine  
  155  9:49  Widow Mine x2, Marine  
  160  9:56  Marine x2  
  160  9:57  Marauder  
  164  10:00  Marine  
  164  10:02  Marine  
  164  10:03  SCV  
Tags
 
Add a new tag
Caveats
  • Supply blocks, unpowered buildings, or Contaminate may cause inaccurate times.
  • Supply counts are checked every 10 seconds.